 Dungeon Crawl Stone Soup version 0.23.2-1-ga50397a6bc (webtiles) character file.

Game seed: 5772942937080043928

4335 4FPSwarrior the Fey Demonspawn (level 10, -2/67 HPs)
             Began as a Demonspawn Gladiator on Apr 29, 2019.
             Was a Believer of Yredelemnul.
             Slain by a white ugly thing (24 damage)
             ... on level 9 of the Dungeon.
             The game lasted 00:55:05 (11352 turns).

4FPSwarrior the Fey Demonspawn (DsGl)              Turns: 11352, Time: 00:55:06

Health: -2/67      AC:  5    Str: 15    XL:     10   Next: 12%
Magic:  16/16      EV: 13    Int:  9    God:    Yredelemnul [**....]
Gold:   314        SH:  0    Dex: 23    Spells: 9/9 levels left

rFire    + . .     SeeInvis .   M - +2 dagger (venom)
rCold    . . .     Gourm    .   (no shield)
rNeg     . . .     Faith    .   b - +0 leather armour
rPois    .         Spirit   .   c - +0 helmet
rElec    .         Reflect  .   (no cloak)
rCorr    .         Harm     .   (no gloves)
MR       .....                  s - +0 pair of boots
Stlth    +++++.....             w - amulet of magic regeneration
HPRegen  0.21/turn              t - +5 ring of dexterity
MPRegen  0.40/turn              J - ring of protection from fire

@: about to teleport, studying Summonings
A: talons 2, nightstalker 1, powered by death 1
a: Animate Remains, Recall Undead Slaves, Injury Mirror, Renounce Religion


You were on level 9 of the Dungeon.
You worshipped Yredelemnul.
Yredelemnul was pleased with you.
You were not hungry.

You visited 2 branches of the dungeon, and saw 10 of its levels.

You collected 314 gold pieces.

Inventory:

Hand Weapons
 a - a +0 long sword
 p - a +3 dagger
 D - a +0 rapier
 M - a +2 dagger of venom (weapon)
 N - a +3 short sword
Missiles
 d - 4 throwing nets
 l - 6 javelins (quivered)
 u - 49 poisoned needles
 y - a tomahawk
Armour
 b - a +0 leather armour (worn)
 c - a +0 helmet (worn)
 s - a +0 pair of boots (worn)
 E - a +1 ring mail of cold resistance
Jewellery
 j - an uncursed ring of ice
 m - an uncursed ring of fire
 t - a +5 ring of dexterity (left hand)
 w - an amulet of magic regeneration (around neck)
 A - an uncursed ring of wizardry
 F - an uncursed ring of poison resistance
 J - a ring of protection from fire (right hand)
Wands
 h - a wand of flame (11)
 G - a wand of paralysis (10)
 P - a wand of iceblast (6)
Scrolls
 e - 2 scrolls of teleportation
 g - a scroll of magic mapping
 n - a scroll of fog {unknown}
 o - a scroll of noise {unknown}
 r - a scroll of enchant weapon {unknown}
 B - a scroll of immolation {unknown}
 H - 5 scrolls of remove curse
 K - a scroll of summoning {unknown}
 L - a scroll of brand weapon {unknown}
 Q - a scroll of enchant armour {unknown}
Potions
 i - a potion of haste {unknown}
 k - a potion of cancellation {unknown}
 q - a potion of might
 v - a potion of magic
 x - 4 potions of heal wounds
 z - 5 potions of curing
 C - a potion of flight
 O - a potion of degeneration {unknown}
 R - a potion of mutation
Books
 I - a manual of Summonings
Comestibles
 f - 15 rations


   Skills:
 - Level 2.0 Fighting
 + Level 8.0(8.4) Short Blades
 - Level 3.3(6.1) Long Blades
 + Level 3.0 Throwing
 - Level 2.6 Dodging
 + Level 8.8 Stealth
 + Level 0.6 Summonings
 + Level 8.9 Invocations


You had 9 spell levels left.
You didn't know any spells.
Your spell library was empty.

Dungeon Overview and Level Annotations

Branches:
Dungeon (9/15)             Temple (1/1) D:4            Lair (0/6) D:9
    Orc: D:9-12

Altars:
Ashenzari
Cheibriados
Dithmenos
Elyvilon
Fedhas
Gozag
Hepliaklqana
Kikubaaqudgha
Makhleb
Nemelex Xobeh
Okawaru
Qazlal
Ru
Sif Muna
Trog
Uskayaw
Vehumet
Wu Jian
Xom
Yredelemnul
Zin
The Shining One

Shops:
D:4 :   D:5 (   D:6 %

Annotations:
D:3 exclusion: 3 doors


Innate Abilities, Weirdness & Mutations

You have razor-sharp toenails.
You are slightly more attuned to the shadows.
You regenerate a little health from kills.


Message History

The white ugly thing barely misses you.
You hit the white ugly thing.
The white ugly thing is poisoned.
The white ugly thing is lightly wounded.
The white ugly thing closely misses you.
You closely miss the white ugly thing. The white ugly thing headbutts you!
The white ugly thing freezes you!
Press: ? - help, v - describe, . - travel
Here: a white ugly thing (poisoned)
The floor.
As you read the scroll of teleportation, it crumbles to dust.
You feel strangely unstable. The white ugly thing headbutts you.
The white ugly thing freezes you!
There is an open door here.
Your surroundings seem slightly different.
The white ugly thing completely misses you.
As you read the scroll of teleportation, it crumbles to dust.
You feel strangely unstable. The white ugly thing headbutts you!
The white ugly thing freezes you!!
You die...
Your body rises from the dead as a mindless zombie.

# ###### ### #######
#....# '.#####.....####
#....# #.....'.....'..###
#.>(.#
#######.....##..@###....#
# #.....####.u.#....+ #
#.....# ###.'..>.# #
#.....# ###....# #
##+#### #....# ##+###


You could see a white ugly thing.

Vanquished Creatures
  An ugly thing (D:8)
  A hornet (D:8)
  A hippogriff (D:7)
  A soldier ant (D:8)
  2 phantoms
  2 ice beasts
  2 black bears
  3 sky beasts
  6 ogres
  6 bullfrogs
  A big kobold (D:7)
  2 scorpions (D:7)
  An electric eel (D:8)
  3 howler monkeys
  A bullfrog zombie (D:6)
  4 crimson imps
  7 hounds
  3 jellies
  An orc priest (D:5)
  A bullfrog skeleton (D:5)
  An orc wizard (D:6)
  A centaur skeleton (D:7)
  Terence (D:3)
  2 iguanas
  8 worker ants
  A killer bee zombie (D:7)
  A hound zombie (D:6)
  2 hound skeletons
  A worker ant zombie (D:3)
  A gnoll (D:1)
  8 adders
  A howler monkey skeleton (D:8)
  2 shadow imps
  An ooze (D:3)
  4 worms
  3 dart slugs (D:1)
  2 leopard geckos
  13 orcs
  4 ball pythons
  3 bat skeletons (D:3)
  11 giant cockroaches
  7 hobgoblins
  11 jackals
  17 kobolds
  7 quokkas
  7 bats
  10 frilled lizards
  11 goblins
  2 jackal skeletons
  9 rats
201 creatures vanquished.

Vanquished Creatures (collateral kills)
  A two-headed ogre (D:8)
1 creature vanquished.

Vanquished Creatures (others)
  A kobold skeleton (D:8)
  A kobold zombie (D:8)
2 creatures vanquished.

Grand Total: 204 creatures vanquished

Notes
Turn   | Place    | Note
-------+----------+-------------------------------------------
     0 | D:1      | 4FPSwarrior the Demonspawn Gladiator began the quest for
                  | the Orb.
     0 | D:1      | Reached XP level 1. HP: 16/16 MP: 1/1
   486 | D:1      | Gained mutation: You are slightly more attuned to the
                  | shadows. [demonic ancestry]
   486 | D:1      | Reached XP level 2. HP: 22/22 MP: 2/2
  1069 | D:1      | Reached skill level 1 in Short Blades
  1069 | D:1      | Reached skill level 1 in Stealth
  1183 | D:1      | Reached XP level 3. HP: 26/27 MP: 3/3
  2056 | D:2      | Gained mutation: You regenerate a little health from kills.
                  | [demonic ancestry]
  2056 | D:2      | Reached XP level 4. HP: 28/33 MP: 4/4
  2143 | D:2      | Found a white marble altar of Elyvilon.
  3231 | D:3      | Noticed Terence
  3277 | D:3      | Gained mutation: You have sharp toenails. [demonic
                  | ancestry]
  3277 | D:3      | Reached XP level 5. HP: 35/38 MP: 5/5
  4105 | D:3      | Found an ancient bone altar of Kikubaaqudgha.
  4214 | D:3      | Killed Terence
  4420 | D:4      | Reached XP level 6. HP: 40/44 MP: 6/6
  4520 | D:4      | Noticed an ice beast
  5036 | D:4      | Found a staircase to the Ecumenical Temple.
  5041 | Temple   | Entered the Ecumenical Temple
  5098 | Temple   | Became a worshipper of Yredelemnul the Dark
  5210 | D:4      | Found Ufomein's Book Emporium.
  5305 | D:4      | Found a deep blue altar of Sif Muna.
  5360 | D:4      | Reached skill level 5 in Stealth
  5360 | D:4      | Reached XP level 7. HP: 50/50 MP: 7/7
  5396 | D:4      | Found a white marble altar of Elyvilon.
  5854 | D:5      | Entered Level 5 of the Dungeon
  5948 | D:5      | Reached skill level 5 in Short Blades
  5948 | D:5      | Reached skill level 1 in Invocations
  6465 | D:5      | Found Ehios's Antique Weapon Boutique.
  6494 | D:5      | Reached XP level 8. HP: 56/56 MP: 10/10
  6774 | D:6      | Found a stormy altar of Qazlal.
  6797 | D:6      | Found a sparkling altar of Nemelex Xobeh.
  6799 | D:6      | Found an ornate altar of the Wu Jian Council.
  6815 | D:6      | Found a glowing silver altar of Zin.
  6815 | D:6      | Found a shadowy altar of Dithmenos.
  6816 | D:6      | Found a radiant altar of Vehumet.
  7018 | D:6      | Found a hazy altar of Hepliaklqana.
  7443 | D:6      | Reached skill level 5 in Invocations
  7617 | D:6      | Found a hide-covered altar of Uskayaw.
  7729 | D:6      | Found Zuikogo's Food Shop.
  7864 | D:5      | Reached * piety under Yredelemnul
  8179 | D:7      | Noticed a hippogriff
  8185 | D:7      | Killed a hippogriff
  8185 | D:7      | Reached XP level 9. HP: 61/61 MP: 13/13
  9600 | D:8      | Noticed a two-headed ogre
  9917 | D:8      | Noticed a cyan ugly thing
 10343 | D:8      | Reached ** piety under Yredelemnul
 10610 | D:8      | Killed a two-headed ogre
 10610 | D:8      | Gained mutation: You have razor-sharp toenails. [demonic
                  | ancestry]
 10610 | D:8      | Reached XP level 10. HP: 49/67 MP: 16/16
 10646 | D:8      | Killed a cyan ugly thing
 11285 | D:9      | Found a staircase to the Lair.
 11340 | D:9      | Noticed a white ugly thing
 11352 | D:9      | Slain by a white ugly thing

Skill      XL: |  1  2  3  4  5  6  7  8  9 10 |
---------------+-------------------------------+-----
Long Blades    | 3 |  3.3
Short Blades   | 1 2 3 4 5 6 7 8 |  8.0
Stealth        | 1 2 3 5 6 7 8 |  8.8
Invocations    | 3 6 8 |  8.9
Throwing       | 2 3 |  3.0
Fighting       | |  2.0
Dodging        | |  2.6
Summonings     | |  0.6

Action                   |  1- 3 |  4- 6 |  7- 9 | 10-12 || total
-------------------------+-------+-------+-------+-------++-------
Melee: Long sword        |    53 |       |     7 |       ||    60
       Dagger            |    93 |   226 |   427 |    15 ||   761
Throw: Javelin           |       |       |     3 |       ||     3
Invok: Animate Remains   |       |       |     6 |     2 ||     8
Evoke: Wand              |       |       |     9 |       ||     9
  Use: Potion            |     1 |     4 |     1 |     1 ||     7
       Scroll            |       |     4 |     4 |     3 ||    11
 Stab: Sleeping          |     5 |    17 |    29 |     1 ||    52
       Distracted        |       |     3 |     2 |     1 ||     6
  Eat: Chunk             |     4 |    10 |    12 |       ||    26
       Ration            |       |       |     2 |     1 ||     3
Armor: Leather armour    |    27 |    74 |    64 |     1 ||   166
Dodge: Dodged            |    62 |   162 |   196 |     5 ||   425
       Rpst.: Long sword |     8 |       |     1 |       ||     9
